 Dungeon Crawl Stone Soup version 0.23-a0-483-g32a748b514 (webtiles) character file.

105 Naow the Chopper (level 5, -11/41 HPs)
             Began as a Formicid Fighter on Nov 30, 2018.
             Mangled by an ogre
             ... wielding a +0 giant club
              (20 damage)
             ... on level 3 of the Dungeon.
             The game lasted 00:02:01 (1767 turns).

Naow the Chopper (Formicid Fighter)                 Turns: 1767, Time: 00:02:02

Health: -11/41     AC:  8    Str: 21    XL:     5   Next: 8%
Magic:  5/5        EV:  7    Int:  8    God:
Gold:   132        SH:  9    Dex: 10    Spells: 4/4 levels left

rFire    . . .     SeeInvis +   a - +0 war axe
rCold    . . .     Gourm    .   c - +0 shield
rNeg     . . .     Faith    .   b - +0 scale mail
rPois    .         Spirit   .   (helmet unavailable)
rElec    .         Reflect  .   h - +0 cloak
rCorr    .         Harm     .   (no gloves)
MR       .....                  (no boots)
Stlth    ..........             (no amulet)
HPRegen  0.13/turn              (no ring)
MPRegen  0.09/turn              (no ring)

@: no status effects
A: permanent stasis, dig shafts and tunnels, four strong arms, antennae 3
a: Dig, Shaft Self


You were on level 3 of the Dungeon.
You were not hungry.

You visited 1 branch of the dungeon, and saw 3 of its levels.

You collected 132 gold pieces.

Inventory:

Hand Weapons
 a - a +0 war axe (weapon)
Armour
 b - a +0 scale mail (worn)
 c - a +0 shield (worn)
 h - a +0 cloak (worn)
Scrolls
 e - 2 scrolls of amnesia {unknown}
 k - 3 scrolls of teleportation {unknown}
 m - a scroll of identify {unknown}
 o - a scroll of noise {unknown}
 p - a scroll of remove curse {unknown}
Potions
 d - a potion of might
 i - 2 potions of agility {unknown}
 j - a potion of heal wounds {unknown}
 l - a potion of brilliance {unknown}
 n - 2 potions of invisibility {unknown}
Comestibles
 f - 3 rations
 g - 2 chunks of flesh


   Skills:
 - Level 3.2 Fighting
 + Level 4.8 Axes
 - Level 3.2 Armour
 - Level 3.6 Shields


You had 4 spell levels left.
You didn't know any spells.
Your spell library was empty.

Dungeon Overview and Level Annotations

Branches:
Dungeon (3/15)

Altars:
Elyvilon
Gozag
Sif Muna


Innate Abilities, Weirdness & Mutations

You cannot be hasted, slowed, berserked, paralysed or teleported.
You can dig through walls and to a lower floor.
Your four strong arms can wield two-handed weapons with a shield.
You have a pair of large antennae on your head. (SInv)


Message History

You block the jackal's attack. The jackal bites you.
* * * LOW HITPOINT WARNING * * *
You slash the jackal!
You kill the jackal!
The jackal bites you but does no damage.
You miss the jackal. You block the jackal's attack.
The jackal barely misses you.
You hit the jackal.
The jackal is heavily wounded.
The jackal bites you but does no damage. x2
You miss the jackal.
The jackal is heavily wounded.
The jackal bites you but does no damage.
You block the jackal's attack.
You slash the jackal!
You kill the jackal!
You slash the ogre!
The ogre is moderately wounded.
The ogre hits you with a +0 giant club!!
You die...

.(....... .........
......... .......!.
##...h.....### ######
###.{.hl[....#.# #≈≈≈≈≈#
...l#########.{# ≈≈≈≈≈≈≈
.............lh##≈≈...≈≈
....##########hO@..._.≈≈
....# ####≈≈...≈≈
....######## ≈≈≈≈≈≈≈ .
...........#######≈≈≈≈≈# #.
....######....÷.#########
..### ....#
####.÷.....((((...#### ...
#####
#.....###########....# #.
#.....##############.#####.
#.(........................


You could see an ogre, a leopard gecko and 2 jackals.

Vanquished Creatures
  3 adders
  An ooze (D:1)
  A worm (D:2)
  2 dart slugs (D:2)
  6 leopard geckos
  10 bats
  5 giant cockroaches
  8 goblins
  4 hobgoblins
  2 jackals (D:3)
  5 frilled lizards
  6 kobolds
  10 rats
63 creatures vanquished.

Notes
Turn   | Place    | Note
-------+----------+-------------------------------------------
     0 | D:1      | Naow the Formicid Fighter began the quest for the Orb.
     0 | D:1      | Reached XP level 1. HP: 18/18 MP: 1/1
    85 | D:1      | Reached XP level 2. HP: 22/24 MP: 2/2
   185 | D:1      | Reached skill level 3 in Axes
   408 | D:1      | Reached XP level 3. HP: 26/29 MP: 3/3
   905 | D:2      | Found a white marble altar of Elyvilon.
   916 | D:2      | Reached skill level 4 in Axes
   916 | D:2      | Reached XP level 4. HP: 35/35 MP: 4/4
   945 | D:2      | Found a faded altar of an unknown god.
  1473 | D:3      | Reached XP level 5. HP: 25/41 MP: 5/5
  1713 | D:3      | Found a deep blue altar of Sif Muna.
  1713 | D:3      | Found an opulent altar of Gozag.
  1734 | D:3      | Noticed an ogre
  1752 | D:3      | Found a deep blue altar of Sif Muna.
  1767 | D:3      | Mangled by an ogre

Vault maps used:
D:1:      tarquinn_simple_flora_water_f
D:2:      elyvilon_altar_5, first_ration, chequers_ecumenical_altar_island,
          minmay_misc_feat_doors
D:3:      nicolae_overflow_hidden_temple, gammafunk_temple_overflow_wave,
          led_sif_pool

Skill      XL: |  1  2  3 |
---------------+----------+-----
Axes           | 3 4 |  4.8
Fighting       | |  3.2
Armour         | |  3.2
Shields        | |  3.6

Action                   |  1- 3 |  4- 6 || total
-------------------------+-------+-------++-------
Melee: War axe           |   145 |    74 ||   219
  Eat: Chunk             |       |     3 ||     3
Armor: Scale mail        |    69 |    38 ||   107
Dodge: Dodged            |    46 |    28 ||    74
Block: Shield            |   100 |    41 ||   141

Table legend:
 A = Non-vault XP
 B = Vault XP
 C = Vault XP percentage of total XP
 D = Non-vault monster count
 E = Vault monster count
 F = Vault count percentage of total count
                 A         B        C        D         E       F
            +---------+---------+-------+---------+---------+-------
      Total |     150 |       0 |   0.0 |      63 |       0 |   0.0
            +---------+---------+-------+---------+---------+-------
        D:1 |      54 |       0 |   0.0 |      32 |       0 |   0.0
        D:2 |      46 |       0 |   0.0 |      17 |       0 |   0.0
        D:3 |      50 |       0 |   0.0 |      14 |       0 |   0.0
            +---------+---------+-------+---------+---------+-------
